 Dungeon Crawl Stone Soup version 0.20.1-1-g8b1a95d (webtiles) character file.

21686 ANON1729 the Destroyer (level 12, -1/58 (59) HPs)
             Began as an Octopode Fire Elementalist on Sept 11, 2017.
             Was a High Priest of Sif Muna.
             Slain by a manticore (19 damage)
             ... on level 12 of the Dungeon.
             The game lasted 01:05:02 (19144 turns).

ANON1729 the Destroyer (OpFE)                      Turns: 19144, Time: 01:05:03

HP:   -1/58 (59)    AC:  5    Str:  8    XL:     12   Next: 92%
MP:   21/35         EV: 13    Int: 21    God:    Sif Muna [*****.]
Gold: 717           SH:  0    Dex: 15    Spells: 18/31 levels left

rFire    + + .     SeeInvis +   X - staff of fire
rCold    + . .     Gourm    .   (no shield)
rNeg     . . .     Faith    .   (helmet restricted)
rPois    .         Spirit   .   y - amulet of rage
rElec    .         Reflect  .   F - ring of protection from cold
rCorr    .         Harm     .   t - +2 ring of protection
MR       .....                  N - ring of magical power
Stlth    +++.......             r - ring of see invisible
Regen    0.2/turn               U - +2 ring of dexterity
MPRegen  0.3/turn               (no ring)
                                (no ring)
                                (no ring)

@: divine energy
A: almost no armour, stealthy swim, amphibious, 8 rings, constrict 8, tentacle
spike 1, slimy green scales 1, camouflage 1, fire resistance 1, frail 1,
gelatinous body 1
a: Stop Divine Energy, Channel Magic, Forget Spell, Renounce Religion, Evoke
Berserk Rage


You were on level 12 of the Dungeon.
You worshipped Sif Muna.
Sif Muna was extremely pleased with you.
You were very hungry.

You visited 2 branches of the dungeon, and saw 13 of its levels.
You also visited: Ice Cave.

You collected 717 gold pieces.

Inventory:

Hand Weapons
 E - the +3 hunting sling of a wizard's laboratory {flame, rC+ Stlth+}
   (You found it on level 5 of the Dungeon)

   It causes projectiles fired from it to burn those they strike, causing extra
   injury to most foes and up to half again as much damage against particularly
   susceptible opponents.
   It protects you from cold.
   It makes you more stealthy.
 L - a +2 dagger of draining
Magical Staves
 X - an uncursed staff of fire (weapon)
Jewellery
 k - an uncursed amulet of harm
 r - a ring of see invisible (on tentacle)
 t - a +2 ring of protection (right tentacle)
 y - an amulet of rage (around mantle)
 F - a ring of protection from cold (left tentacle)
 N - a ring of magical power (on tentacle)
 U - a +2 ring of dexterity (on tentacle)
Wands
 c - a wand of confusion (27/48)
 H - a wand of acid (9/15)
 K - a wand of paralysis (7/24)
 Q - a wand of iceblast (8/15)
Scrolls
 d - 8 scrolls of teleportation
 f - 6 scrolls of remove curse
 g - 2 scrolls of blinking {unknown}
 h - 2 scrolls of amnesia {unknown}
 i - 3 scrolls of immolation
 l - a scroll of acquirement {unknown}
 n - a scroll of enchant weapon {unknown}
 q - a scroll of magic mapping
 z - 4 scrolls of fog
 C - a scroll of random uselessness {unknown}
 J - 2 scrolls of enchant armour {unknown}
 T - a scroll of brand weapon {unknown}
 Z - a scroll of fear {unknown}
Potions
 j - 5 potions of curing
 m - 2 potions of agility {unknown}
 p - 3 potions of heal wounds {unknown}
 v - a potion of invisibility {unknown}
 w - 5 potions of brilliance
 x - 3 potions of might {unknown}
 D - 4 potions of flight {unknown}
 G - 2 potions of lignification {unknown}
 I - 2 potions of resistance {unknown}
 P - 2 potions of berserk rage {unknown}
 S - a potion of ambrosia {unknown}
 W - 3 potions of mutation {unknown}
Books
 a - a book of Flames

   Spells                             Type                      Level
   a - Flame Tongue                   Conjuration/Fire             1
   b - Throw Flame                    Conjuration/Fire             2
   c - Conjure Flame                  Conjuration/Fire             3
   d - Inner Flame                    Hexes/Fire                   3
   e - Sticky Flame                   Conjuration/Fire             4
   f - Fireball                       Conjuration/Fire             5
 e - Okeown's Compendium of Augmentations
   (Sif Muna gifted it to you on level 11 of the Dungeon)

   Spells                             Type                      Level
   a - Infusion                       Charms                       1
   b - Shroud of Golubria             Charms/Translocation         2
   c - Iskenderun's Battlesphere      Conjuration/Charms           5
   d - Ring of Flames                 Charms/Fire                  7
 s - Gussunod's Compendium of Earth and Intoxication
   (Sif Muna gifted it to you in an ice cave)

   Spells                             Type                      Level
   a - Sting                          Conjuration/Poison           1
   b - Bolt of Magma                  Conjuration/Fire/Earth       5
   c - Lee's Rapid Deconstruction     Earth                        5
   d - Iron Shot                      Conjuration/Earth            6
 M - a Fen Folio

   Spells                             Type                      Level
   a - Corpse Rot                     Necromancy                   2
   b - Stone Arrow                    Conjuration/Earth            3
   c - Leda's Liquefaction            Hexes/Earth                  4
   d - Summon Forest                  Summoning/Translocation      5
   e - Hydra Form                     Transmutation                6
   f - Summon Hydra                   Summoning                    7
 Y - the Catalogue of Dark Changing
   (You found it on level 9 of the Dungeon)

   Spells                             Type                      Level
   a - Spider Form                    Transmutation/Poison         3
   b - Petrify                        Transmutation/Earth          4
   c - Bolt of Draining               Conjuration/Necromancy       5
   d - Cigotuvi's Embrace             Necromancy                   5
Miscellaneous
 R - a box of beasts
 V - a phial of floods
Comestibles
 b - 4 bread rations
 o - 6 meat rations


   Skills:
 - Level 2.0 Dodging
 - Level 2.6 Stealth
 + Level 10.4 Spellcasting
 + Level 11.5 Conjurations
 + Level 11.5 Fire Magic
 - Level 9.1 Invocations


You had 18 spell levels left.
You knew the following spells:

 Your Spells              Type           Power        Failure   Level  Hunger
a - Flame Tongue          Conj/Fire      #####        1%          1    None
b - Conjure Flame         Conj/Fire      ######..     1%          3    None
c - Sticky Flame          Conj/Fire      ######..     1%          4    ##.....
d - Fireball              Conj/Fire      ######....   1%          5    ####...


Dungeon Overview and Level Annotations

Branches:
Dungeon (12/15)            Temple (1/1) D:5            Lair (0/6) D:11
    Orc (0/2) D:9

Altars:
Ashenzari
Cheibriados
Dithmenos
Fedhas
Gozag
Kikubaaqudgha
Makhleb
Nemelex Xobeh
Okawaru
Qazlal
Ru
Sif Muna
Trog
Xom
Yredelemnul
Zin
The Shining One

Annotations:
D:6 Asagix's ghost, novice MiBe
D:11 exclusion: oklob plant


Innate Abilities, Weirdness & Mutations

You cannot wear most types of armour.
You are very stealthy in the water. (Stealth+)
You are amphibious.
You can wear up to eight rings at the same time.
You can use your tentacles to constrict eight enemies at once.
Your skin changes colour to match your surroundings (Stealth+).
Your rubbery body absorbs attacks. (AC +1, EV +1)
One of your tentacles bears a spike.
You are partially covered in slimy green scales. (AC +2)
Your flesh is heat resistant. (rF+)
You are frail. (-10% HP)


Message History

The manticore barely misses you. The manticore claws you!
Casting: Sticky Flame
Confirm with . or Enter, or press ? or * to list all spells.
Aiming: Fireball
Press: ? - help, Shift-Dir - straight line, p - manticore You feel a surge of power!
The fireball explodes!
The fireball engulfs the manticore.
The manticore is heavily wounded.
The manticore burns!
The manticore bites you!! The manticore claws you! The manticore claws you.
* * * LOW HITPOINT WARNING * * *
Casting: Fireball
Confirm with . or Enter, or press ? or * to list all spells.
Aiming: Fireball
Press: ? - help, Shift-Dir - straight line You feel a surge of power!
The fireball explodes!
The fireball engulfs the manticore.
The manticore is almost dead.
The manticore burns!
The manticore bites you!!
You die...

###............................,*
..(....................<.......,*
#..............................,*
#.((...........................,,
#..####............>...........,,
#.)#,,#....###########..#########
#..#,,######.........#..#........
#..#,,,,,..$.........####........
#..#,,,,,......H@................
#..#,**+*####++#....#########....
#..#,+,,,,,,,,,#....#.......#....
...#,*,,,,,,,,,#....#.......#....
...#,*,,,,,,,,,#....#.......#....
...#,*,,,,,,,,,#....#.......#....
...#,*,,,,,,,,,#....###.....#....
...#,*,,,,,,,,,#......#####'#....
...#,**********#.................


You could see a manticore (burning).

Vanquished Creatures
  A frost giant (IceCv)
  A hydra (D:12)
  3 two-headed ogres
  4 lindwurms (D:10)
  Pikel (D:8)
  Joseph (D:7)
  An ice statue (IceCv)
  Psyche (D:12)
  2 rime drakes (D:12)
  12 polar bears (IceCv)
  6 trolls
  Prince Ribbit (D:7)
  A wraith (D:10)
  2 wyverns
  A shadow (D:11)
  25 yaks
  A steam dragon (D:11)
  Edmund (D:6)
  Menkaure (D:7)
  3 black bears
  3 orc warriors (D:11)
  3 slaves (D:8)
  An eye of draining (D:10)
  2 sky beasts
  A necrophage (D:9)
  2 ice beasts
  2 phantoms
  An ogre (D:11)
  9 wolves (IceCv)
  7 centaurs
  8 bullfrogs
  Blork the orc (D:5)
  2 scorpions
  12 killer bees
  A howler monkey (D:4)
  4 crimson imps
  A bullfrog zombie (D:11)
  A quasit (D:8)
  A centaur zombie (D:7)
  2 hounds
  7 orc priests
  2 centaur skeletons
  4 jellies
  13 orc wizards
  Jessica (D:9)
  2 iguanas
  9 worker ants
  A hound skeleton (D:4)
  8 gnolls (D:3)
  18 adders
  4 shadow imps
  2 oozes
  An adder zombie (D:5)
  4 adder skeletons
  3 worms (D:3)
  5 dart slugs
  3 leopard geckos
  36 orcs
  8 bats
  4 giant cockroaches
  3 hobgoblins
  13 jackals
  7 kobolds
  4 quokkas
  A ball python (D:5)
  2 frilled lizards (D:1)
  5 goblins
  A quokka skeleton (D:4)
  A quokka zombie (D:5)
  7 rats
  A plant (D:3)
313 creatures vanquished.

Vanquished Creatures (others)
  A slave (D:8)
1 creature vanquished.

Grand Total: 314 creatures vanquished

Notes
Turn   | Place    | Note
-------+----------+-------------------------------------------
     0 | D:1      | ANON1729 the Octopode Fire Elementalist began the quest for the Orb.
     0 | D:1      | Reached XP level 1. HP: 11/11 MP: 3/3
   302 | D:1      | Reached XP level 2. HP: 17/17 MP: 1/5
  1042 | D:2      | Reached XP level 3. HP: 21/21 MP: 2/6
  1130 | D:2      | Found a glowing silver altar of Zin.
  1130 | D:2      | Found a shimmering altar of Xom.
  1131 | D:2      | Noticed an angel
  1467 | D:2      | Reached XP level 4. HP: 13/27 MP: 3/8
  1706 | D:2      | Found an ancient bone altar of Kikubaaqudgha.
  1707 | D:2      | Found a blossoming altar of Fedhas.
  2426 | D:3      | Reached XP level 5. HP: 18/31 MP: 1/9
  3025 | D:3      | Reached XP level 6. HP: 20/36 MP: 2/11
  3712 | D:4      | Learned a level 3 spell: Conjure Flame
  3717 | D:4      | Learned a level 4 spell: Sticky Flame
  3888 | D:4      | Reached skill level 5 in Fire Magic
  4176 | D:4      | Found a shadowy altar of Dithmenos.
  4763 | D:4      | Reached XP level 7. HP: 34/41 MP: 12/12
  5404 | D:3      | Found a sacrificial altar of Ru.
  5614 | D:5      | Entered Level 5 of the Dungeon
  5630 | D:5      | Got a transparent hunting sling
  5633 | D:5      | Identified the +3 hunting sling of a wizard's laboratory {flame, rC+ Stlth+} (You found it on level 5 of the Dungeon)
  5724 | D:5      | Found a blossoming altar of Fedhas.
  5896 | D:5      | Noticed Blork the orc
  5980 | D:5      | Found a staircase to the Ecumenical Temple.
  6002 | Temple   | Entered the Ecumenical Temple
  6078 | Temple   | Became a worshipper of Sif Muna the Loreminder
  6336 | D:5      | Killed Blork the orc
  6851 | D:5      | Reached skill level 5 in Conjurations
  6854 | D:5      | Reached XP level 8. HP: 39/46 MP: 9/15
  6861 | D:5      | Reached * piety under Sif Muna
  6894 | D:5      | Learned a level 5 spell: Fireball
  7160 | D:6      | Reached skill level 5 in Spellcasting
  7239 | D:6      | Noticed Edmund
  7248 | D:6      | Killed Edmund
  7459 | D:6      | Noticed Asagix's ghost (novice MiBe)
  7481 | D:7      | Noticed Menkaure
  7487 | D:7      | Killed Menkaure
  8182 | D:7      | Noticed Prince Ribbit
  8192 | D:7      | Killed Prince Ribbit
  8192 | D:7      | Reached ** piety under Sif Muna
  8192 | D:7      | Reached XP level 9. HP: 46/51 MP: 17/17
  8807 | D:7      | Noticed Joseph
  8821 | D:7      | Killed Joseph
  9570 | D:8      | Reached *** piety under Sif Muna
  9584 | D:8      | Noticed Pikel
  9611 | D:8      | Killed Pikel
  9816 | D:8      | Found an iron altar of Okawaru.
 10241 | D:8      | Found a glowing golden altar of the Shining One.
 10306 | D:8      | Reached XP level 10. HP: 44/56 MP: 16/21
 10578 | D:9      | Reached skill level 1 in Invocations
 10942 | D:9      | Found a staircase to the Orcish Mines.
 11338 | D:9      | Noticed Jessica
 11341 | D:9      | Killed Jessica
 11346 | D:9      | Reached **** piety under Sif Muna
 11352 | D:9      | Found a deep blue altar of Sif Muna.
 11473 | D:9      | Identified the Catalogue of Dark Changing
 11510 | D:10     | Entered Level 10 of the Dungeon
 11510 | D:10     | Noticed a two-headed ogre
 11516 | D:10     | Killed a two-headed ogre
 12262 | D:10     | Noticed a gargoyle
 12475 | D:10     | Noticed a lindwurm
 12489 | D:10     | Noticed a lindwurm
 12492 | D:10     | Noticed a lindwurm
 12493 | D:10     | Noticed a lindwurm
 12664 | D:10     | Reached skill level 5 in Invocations
 12846 | D:10     | Noticed a two-headed ogre
 12857 | D:10     | Killed a two-headed ogre
 12857 | D:10     | Reached XP level 11. HP: 60/60 MP: 20/23
 13221 | D:10     | Killed a lindwurm
 13222 | D:10     | Killed a lindwurm
 13335 | D:10     | Killed a lindwurm
 13480 | D:10     | Killed a lindwurm
 13745 | D:11     | Reached ***** piety under Sif Muna
 13752 | D:11     | Identified Okeown's Compendium of Augmentations (Sif Muna gifted it to you on level 11 of the Dungeon)
 13752 | D:11     | Received a gift from Sif Muna
 13915 | D:11     | Reached skill level 10 in Fire Magic
 13991 | D:11     | Noticed an oklob plant
 14570 | D:11     | HP: 3/60 [centaur/arrow (12)]
 14856 | D:11     | Noticed a white ugly thing
 15530 | D:11     | Reached skill level 10 in Conjurations
 15901 | D:11     | Noticed a two-headed ogre
 15941 | D:11     | Killed a two-headed ogre
 16386 | D:11     | Gained mutation: Your flesh is heat resistant. (rF+) [mutagenic meat]
 16388 | D:11     | Gained mutation: One of your tentacles bears a spike. [mutagenic meat]
 16469 | D:11     | Found a staircase to the Lair.
 16688 | D:12     | Noticed a green ugly thing
 16723 | D:12     | Reached XP level 12. HP: 47/65 MP: 25/25
 16819 | D:12     | Noticed Psyche
 16825 | D:12     | Killed Psyche
 16838 | D:12     | Noticed a four-headed hydra
 16842 | D:12     | Killed a four-headed hydra
 16919 | D:12     | Found a frozen archway.
 17143 | IceCv    | Entered an ice cave
 18070 | IceCv    | Noticed a frost giant
 18172 | IceCv    | Identified Gussunod's Compendium of Earth and Intoxication (Sif Muna gifted it to you in an ice cave)
 18172 | IceCv    | Received a gift from Sif Muna
 18214 | IceCv    | Reached skill level 10 in Spellcasting
 18561 | IceCv    | Killed a frost giant
 19105 | D:12     | Gained mutation: You are frail. (-10% HP) [mutagenic meat]
 19106 | D:12     | Lost mutation: One of your tentacles bears a spike. [mutagenic meat]
 19107 | D:12     | Gained mutation: You are partially covered in slimy green scales. (AC +2) [mutagenic meat]
 19108 | D:12     | Lost mutation: You are frail. (-10% HP) [mutagenic meat]
 19109 | D:12     | Gained mutation: You are frail. (-10% HP) [mutagenic meat]
 19110 | D:12     | Gained mutation: One of your tentacles bears a spike. [mutagenic meat]
 19144 | D:12     | Slain by a manticore

Skill      XL: |  1  2  3  4  5  6  7  8  9 10 11 12 |
---------------+-------------------------------------+-----
Conjurations   | 2 3 4 5 6 8 9 10 11 | 11.5
Fire Magic     | 4 5 6 7 8 9 10 11 | 11.5
Spellcasting   | 3 4 5 7 8 9 10 | 10.4
Invocations    | 5 9 |  9.1
Dodging        | |  2.0
Stealth        | |  2.6

Action                   |  1- 3 |  4- 6 |  7- 9 | 10-12 || total
-------------------------+-------+-------+-------+-------++-------
Melee: Unarmed           |     8 |       |       |       ||     8
       Constrict         |    12 |    17 |    24 |    10 ||    63
       Tentacles         |     3 |    11 |    18 |     8 ||    40
       Mace              |    19 |    11 |       |       ||    30
       Whip              |       |    53 |    76 |    14 ||   143
       Hunting sling     |       |       |     5 |       ||     5
       Dagger            |       |       |    35 |       ||    35
       Staff             |       |       |       |    34 ||    34
       Kick              |       |       |       |     7 ||     7
 Cast: Flame Tongue      |    46 |   102 |   166 |   275 ||   589
       Sticky Flame      |       |       |    17 |    43 ||    60
       Conjure Flame     |       |       |     9 |    19 ||    28
       Fireball          |       |       |       |    70 ||    70
Invok: Divine Energy     |       |       |     1 |       ||     1
       Channel Magic     |       |       |       |     2 ||     2
  Use: Scroll            |       |       |     2 |     7 ||     9
       Potion            |       |       |     2 |       ||     2
 Stab: Sleeping          |       |       |     2 |       ||     2
       Distracted        |       |       |       |     1 ||     1
  Eat: Chunk             |     2 |    10 |    19 |    38 ||    69
       Fruit             |       |       |     1 |     8 ||     9
       Royal jelly       |       |       |       |     2 ||     2
       Meat ration       |       |       |       |     1 ||     1
Armor: Skin              |    10 |    18 |    28 |    13 ||    69
Dodge: Dodged            |    50 |    88 |   117 |    96 ||   351
